 Dungeon Crawl Stone Soup version 0.23.0-28-g6fe0f4d (webtiles) character file.

Game seed: 14139814711487423658

639 Kairos the Chopper (level 7, -9/55 HPs)
             Began as a Formicid Abyssal Knight on Feb 25, 2019.
             Was a Believer of Lugonu.
             Killed by Freeze
             ... invoked by Monsterracer's ghost
              (15 damage)
             ... on level 4 of the Dungeon.
             The game lasted 00:09:16 (3621 turns).

Kairos the Chopper (Formicid Abyssal Knight)        Turns: 3621, Time: 00:09:17

Health: -9/55      AC:  8    Str: 19    XL:     7   Next: 80%
Magic:  8/8        EV: 11    Int: 11    God:    Lugonu [**....]
Gold:   204        SH:  3    Dex: 13    Spells: 6/6 levels left

rFire    . . .     SeeInvis +   e - +4 war axe of Fear {freeze, Dex+3}
rCold    . . .     Gourm    .   o - +0 buckler
rNeg     . . .     Faith    .   m - +0 ring mail
rPois    .         Spirit   .   (helmet unavailable)
rElec    .         Reflect  .   d - +0 cloak
rCorr    .         Harm     .   n - +0 pair of gloves
MR       .....                  (no boots)
Stlth    +.........             (no amulet)
HPRegen  0.18/turn              (no ring)
MPRegen  0.11/turn              (no ring)

@: no status effects
A: permanent stasis, dig shafts and tunnels, four strong arms, antennae 3
a: Dig, Shaft Self, Depart the Abyss, Bend Space, Renounce Religion


You were on level 4 of the Dungeon.
You worshipped Lugonu.
Lugonu was pleased with you.
You were not hungry.

You visited 1 branch of the dungeon, and saw 4 of its levels.
You visited the Abyss 1 time.
You also visited: Sewer.

You collected 204 gold pieces.

Inventory:

Hand Weapons
 a - a +1 hand axe
 e - the +4 war axe of Fear (weapon) {freeze, Dex+3}
   (You found it on level 2 of the Abyss)

   It has been specially enchanted to freeze those struck by it, causing extra
   injury to most foes and up to half again as much damage against particularly
   susceptible opponents.
   It can also slow down cold-blooded creatures.
   It affects your dexterity (+3).
 r - a +3 quarterstaff of chaos
Armour
 b - a +0 leather armour
 d - a +0 cloak (worn)
 m - a +0 ring mail (worn)
 n - a +0 pair of gloves (worn)
 o - a +0 buckler (worn)
Jewellery
 w - an uncursed ring of protection from cold {unknown}
Scrolls
 g - a scroll of noise
 h - 2 scrolls of fear
 k - 4 scrolls of identify
 l - a scroll of vulnerability {unknown}
 p - a scroll of enchant weapon
 t - a scroll of enchant armour
Potions
 f - 2 potions of curing {unknown}
 i - 3 potions of degeneration {unknown}
 j - a potion of mutation {unknown}
 q - a potion of brilliance {unknown}
 s - a potion of might {unknown}
 u - 6 potions of flight
Comestibles
 c - 6 rations


   Skills:
 + Level 4.9 Fighting
 + Level 5.7 Axes
 + Level 4.1 Armour
 + Level 2.5 Dodging
 + Level 1.6 Stealth
 + Level 2.4 Invocations


You had 6 spell levels left.
You didn't know any spells.
Your spell library was empty.

Dungeon Overview and Level Annotations

Branches:
Dungeon (4/15)             Temple (0/1) D:4

Altars:
Cheibriados
Elyvilon
Sif Muna
Yredelemnul

Annotations:
D:4 1 transporter, Monsterracer's ghost, amateur MiIE


Innate Abilities, Weirdness & Mutations

You cannot be hasted, slowed, berserked, paralysed or teleported.
You can dig through walls and to a lower floor.
Your four strong arms can wield two-handed weapons with a shield.
You have a pair of large antennae on your head. (SInv)


Message History

You hit the plant but do no damage. You hit the plant. You freeze the plant.
You block Monsterracer's ghost's attack.
You closely miss Monsterracer's ghost.
Monsterracer's ghost is moderately damaged.
You hit the plant but do no damage. x2
You block Monsterracer's ghost's attack.
Monsterracer's ghost closely misses you.
You closely miss Monsterracer's ghost.
Monsterracer's ghost is moderately damaged.
You hit the plant but do no damage. You hit the plant. You freeze the plant.
Monsterracer's ghost casts a spell at you.
You are frozen.
* * * LOW HITPOINT WARNING * * *
You barely miss Monsterracer's ghost.
Monsterracer's ghost is moderately damaged.
You hit the plant. You freeze the plant. You slash the plant!
You freeze the plant.
Monsterracer's ghost points at you and mumbles some strange words.
You are frozen.
You die...

#..#....................._....
#..#.≈≈≈≈≈≈≈≈≈≈≈≈≈≈≈≈≈.#.....#
#..#.≈≈≈≈≈≈≈≈≈≈≈≈≈≈≈≈≈.##.#.##
#..#.≈≈####.....####≈≈.##.###
#....≈≈#..#8###8#..#≈≈.##...#
#....≈≈#8.###.###.8#≈≈.####.#
###..≈≈#...........#≈≈.# #.#
#..≈≈###.##'##.###≈≈.# #.#
*#.≈≈..#.#P@P#.#..≈≈.# #.#
#.≈≈.##.#⌠W⌠#.##.≈≈.# #.#
#.≈≈.#..#P..#.©#.≈≈.## #.#
#.≈≈.##.##)##.##.≈≈..###.#
#.....#.#P.P#.#..≈≈.#....#
#....§#.'.©.'.#©.≈≈..#####
#.....#.#8⌠8#.#..≈≈..#
##.≈≈.##.#####.##.≈≈..#
#..≈≈.#..#,,,#..#.≈≈..#


You could see Monsterracer's ghost.

Vanquished Creatures
  Sigmund (D:2)
  A sky beast (D:3)
  A scorpion (D:4)
  An orc wizard (D:4)
  Crazy Yiuf (D:2)
  2 worker ants (D:4)
  6 gnolls
  5 adders
  7 oozes
  10 worms
  A dart slug (D:2)
  A leopard gecko (D:1)
  5 orcs
  3 ball pythons (Sewer)
  19 bats
  2 giant cockroaches
  4 goblins
  5 hobgoblins
  4 jackals (Sewer)
  5 kobolds
  4 quokkas
  2 frilled lizards
  A leopard gecko zombie (D:3)
  8 rats
  A plant (D:4)
100 creatures vanquished.

Notes
Turn   | Place    | Note
-------+----------+-------------------------------------------
     0 | Abyss:1  | Kairos the Formicid Abyssal Knight began the quest for the
                  | Orb.
     0 | Abyss:1  | Reached XP level 1. HP: 18/18 MP: 2/2
    46 | Abyss:2  | Found a corrupted altar of Lugonu.
    55 | Abyss:2  | Got a transparent war axe
    56 | Abyss:2  | Identified the +4 war axe of Fear {freeze, Dex+3} (You
                  | found it on level 2 of the Abyss)
    80 | Abyss:3  | Noticed a thrashing horror
    80 | Abyss:3  | Noticed an earth elemental
    81 | D:1      | Escaped the Abyss
   258 | D:1      | Reached XP level 2. HP: 21/25 MP: 3/3
   259 | D:1      | Reached skill level 1 in Dodging
   551 | D:1      | Reached * piety under Lugonu
   817 | D:1      | Reached XP level 3. HP: 30/30 MP: 4/4
   971 | D:2      | Reached XP level 4. HP: 13/37 MP: 5/5
  1210 | D:2      | Reached skill level 3 in Axes
  1393 | D:2      | Reached XP level 5. HP: 41/42 MP: 6/6
  1597 | D:2      | Noticed Sigmund
  1601 | D:2      | Found a white marble altar of Elyvilon.
  1616 | D:2      | Killed Sigmund
  1616 | D:2      | Reached skill level 4 in Axes
  1616 | D:2      | Reached XP level 6. HP: 22/49 MP: 7/7
  1916 | D:2      | Found a runed translucent door.
  1917 | D:2      | Noticed Crazy Yiuf
  1995 | D:2      | Killed Crazy Yiuf
  2063 | D:3      | Noticed a sky beast
  2068 | D:3      | Killed a sky beast
  2068 | D:3      | Reached XP level 7. HP: 55/55 MP: 8/8
  2167 | D:3      | Found a runed translucent door.
  2167 | D:3      | Noticed a human
  2171 | D:3      | Found a basalt altar of Yredelemnul.
  2244 | D:3      | Reached skill level 5 in Axes
  2379 | D:3      | Reached ** piety under Lugonu
  2682 | D:3      | Found a deep blue altar of Sif Muna.
  2776 | D:4      | Found a snail-covered altar of Cheibriados.
  2846 | D:4      | Found a glowing drain.
  2863 | Sewer    | Entered a sewer
  3482 | D:4      | Found a transporter.
  3536 | D:4      | Reached skill level 1 in Stealth
  3567 | D:4      | Noticed Monsterracer's ghost (amateur MiIE)
  3574 | D:4      | Found a transporter.
  3621 | D:4      | Killed from afar by Monsterracer's ghost

Skill      XL: |  1  2  3  4  5  6  7 |
---------------+----------------------+-----
Dodging        | 1 2 |  2.5
Fighting       | 4 |  4.9
Axes           | 3 4 5 |  5.7
Armour         | 3 4 |  4.1
Stealth        | 1 |  1.6
Invocations    | |  2.4

Action                   |  1- 3 |  4- 6 |  7- 9 || total
-------------------------+-------+-------+-------++-------
Melee: War axe           |    35 |    61 |   114 ||   210
Invok: Depart the Abyss  |     1 |       |       ||     1
 Abil: Dig               |       |       |     1 ||     1
  Use: Scroll            |       |       |     8 ||     8
       Potion            |       |       |     1 ||     1
  Eat: Chunk             |       |     4 |     2 ||     6
       Ration            |       |       |     1 ||     1
Armor: Leather armour    |    16 |    14 |       ||    30
       Ring mail         |       |    13 |    57 ||    70
Dodge: Dodged            |    37 |    47 |   103 ||   187
Block: Buckler           |       |       |     7 ||     7
